 Dungeon Crawl Stone Soup version 0.22.0-75-g3901e79 (webtiles) character file.

108 inc the Grave Robber (level 4, 0/30 HPs)
             Began as a Mummy Necromancer on Sept 12, 2018.
             Slain by a gnoll
             ... wielding a +3 whip
              (5 damage)
             ... on level 3 of the Dungeon.
             The game lasted 00:02:12 (1863 turns).

inc the Grave Robber (Mummy Necromancer)            Turns: 1863, Time: 00:02:13

Health: 0/30       AC:  2    Str: 11    XL:     4   Next: 58%
Magic:  2/10       EV: 12    Int: 15    God:
Gold:   37         SH:  0    Dex: 12    Spells: 11/12 levels left

rFire    x . .     SeeInvis .   c - +0 spear
rCold    + . .     Gourm    .   (no shield)
rNeg     + + +     Faith    .   a - +0 robe
rPois    ∞         Spirit   .   (no helmet)
rElec    .         Reflect  .   (no cloak)
rCorr    .         Harm     .   (no gloves)
MR       .....                  (no boots)
Stlth    +++.......             (no amulet)
HPRegen  0.10/turn              k - ring of stealth
MPRegen  0.12/turn              (no ring)

@: no status effects
A: no food or potions, fire vulnerability, cold resistance 1, negative energy
resistance 3, torment resistance, unbreathing
a: no special abilities


You were on level 3 of the Dungeon.
You were not hungry.

You visited 1 branch of the dungeon, and saw 3 of its levels.

You collected 37 gold pieces.

Inventory:

Hand Weapons
 c - a +0 spear (weapon)
Armour
 a - a +0 robe (worn)
Jewellery
 k - a ring of stealth (left hand)
Wands
 j - a wand of paralysis (10)
Scrolls
 d - 3 scrolls of teleportation {unknown}
 e - 2 scrolls of remove curse {unknown}
 i - 2 scrolls of noise {unknown}
Potions
 f - 2 potions of curing {unknown}
 g - a potion of heal wounds {unknown}
 h - a potion of flight {unknown}
 l - 2 potions of mutation {unknown}
Comestibles
 b - 3 rations


   Skills:
 - Level 1.5 Dodging
 - Level 1.5 Stealth
 + Level 4.6 Spellcasting
 + Level 5.1 Necromancy


You had 11 spell levels left.
You knew the following spells:

 Your Spells              Type           Power        Failure   Level  Hunger
a - Pain                  Necr           ###.         1%          1    N/A

Your spell library contained the following spells:

 Spells                   Type           Power        Failure   Level  Hunger
 Animate Skeleton         Necr           N/A          1%          1    N/A
 Vampiric Draining        Necr           ###.......   6%          3    N/A
 Animate Dead             Necr           N/A          21%         4    N/A
 Regeneration             Chrm/Necr      Unusable     N/A         3    N/A

Dungeon Overview and Level Annotations

Branches:
Dungeon (3/15)

Altars:
Qazlal

Annotations:
D:2 Terence


Innate Abilities, Weirdness & Mutations

You do not eat or drink.
Your flesh is vulnerable to fire.
You are immune to poison.
Your flesh is cold resistant. (rC+)
You are immune to negative energy. (rN+++)
You are immune to unholy pain and torment.
You can survive without breathing.


Message History

Press: ? - help, Shift-Dir - straight line, f - gnoll
Aim: a gnoll, wielding a club (heavily wounded, chance to defeat MR: 84%)
The gnoll writhes in agony!
The gnoll barely misses you.
Casting: Pain (safe; 2% risk of failure)
Confirm with . or Enter, or press ? or * to list all spells.
Aiming: Pain (safe; 2% risk of failure)
Press: ? - help, Shift-Dir - straight line, f/p - gnoll
Aim: a gnoll, wielding a club (severely wounded, chance to defeat MR: 84%)
The gnoll writhes in agony!
You kill the gnoll!
Things that are here:
a club; a gnoll corpse
Casting: Pain (safe; 1% risk of failure)
Confirm with . or Enter, or press ? or * to list all spells.
Aiming: Pain (safe; 1% risk of failure)
Press: ? - help, Shift-Dir - straight line, f - gnoll
Aim: a gnoll, wielding an enchanted whip (chance to defeat MR: 84%)
The gnoll barely resists.
The gnoll hits you with an enchanted whip.
You die...

#.............##........
#.#........##.##.##.#.##
#..........##.......#
#####......##.......#
#...#####.......# #...# #..#.##.#
#...# #..#.##.## ##
#...#####........# #####
...#######.....g@.........# #....
##............###.....###.###....
............(.# #.....# #........
..............###...#.###.###....
##.######.........#.......# #....
#....#.#######....#######
#....#.# #.....# ## #.†..#.#
#.....# ##. #.......#
##.#...####.#


You could see a gnoll.

Vanquished Creatures
  4 gnolls
  2 adders
  2 oozes
  A leopard gecko (D:2)
  11 bats
  4 goblins
  5 hobgoblins
  3 jackals (D:1)
  5 kobolds
  A quokka (D:2)
  4 frilled lizards
  5 rats
47 creatures vanquished.

Notes
Turn   | Place    | Note
-------+----------+-------------------------------------------
     0 | D:1      | inc the Mummy Necromancer began the quest for the Orb.
     0 | D:1      | Reached XP level 1. HP: 13/13 MP: 4/4
     2 | D:1      | Noticed a tengu
     2 | D:1      | Noticed a minotaur
     4 | D:1      | Noticed a dwarf
     4 | D:1      | Noticed a gargoyle
     6 | D:1      | Noticed a human
     6 | D:1      | Noticed a troll
     8 | D:1      | Noticed a demigod
     8 | D:1      | Noticed an elf
    10 | D:1      | Noticed a halfling
    10 | D:1      | Noticed a felid
    12 | D:1      | Noticed a centaur
    12 | D:1      | Noticed a draconian
    14 | D:1      | Noticed a vine stalker
    14 | D:1      | Noticed an ogre
    16 | D:1      | Noticed an octopode
    16 | D:1      | Noticed a merfolk
    18 | D:1      | Noticed a ghoul
    18 | D:1      | Noticed a demonspawn
    20 | D:1      | Noticed a formicid
    20 | D:1      | Noticed a spriggan
    24 | D:1      | Noticed a vampire
    24 | D:1      | Noticed a naga
   297 | D:1      | Reached XP level 2. HP: 14/19 MP: 0/6
   863 | D:1      | Reached XP level 3. HP: 24/24 MP: 6/8
  1163 | D:2      | Found a stormy altar of Qazlal.
  1267 | D:2      | Noticed Terence
  1564 | D:2      | Reached XP level 4. HP: 28/30 MP: 0/10
  1813 | D:3      | Reached skill level 5 in Necromancy
  1821 | D:3      | HP: 1/30 [gnoll/enchanted whip (11)]
  1863 | D:3      | Slain by a gnoll

Skill      XL: |  1  2  3  4 |
---------------+-------------+-----
Spellcasting   | 3 4 |  4.6
Necromancy     | 5 |  5.1
Dodging        | |  1.5
Stealth        | |  1.5

Action                   |  1- 3 |  4- 6 || total
-------------------------+-------+-------++-------
Melee: Unarmed           |     5 |       ||     5
       Spear             |    11 |     2 ||    13
 Cast: Pain              |    77 |    26 ||   103
Armor: Robe              |    27 |     2 ||    29
Dodge: Dodged            |    64 |     7 ||    71
